 Dungeon Crawl Stone Soup version 0.17-a0-1909-g0b14330 (webtiles) character file.

47 DecibelRebel the Slasher (level 3, 0/24 HPs)
             Began as a High Elf Warper on Sept 25, 2015.
             Succumbed to an adder's poison
             ... on level 4 of the Dungeon.
             The game lasted 00:05:20 (1562 turns).

DecibelRebel the Slasher (High Elf Warper)          Turns: 1562, Time: 00:05:20

Health: 0/24       AC:  3    Str: 10    XL:     3   Next: 48%
Magic:  7/7        EV: 12    Int: 17    God:
Gold:   171        SH:  0    Dex: 15    Spells: 1 memorised, 5 levels left

rFire  . . .     SeeInvis .     a - +0 falchion
rCold  . . .     Clarity  .     b - +0 leather armour
rNeg   . . .     SustAt   .     (no shield)
rPois  .         Gourm    .     (no helmet)
rElec  .         Spirit   .     (no cloak)
rCorr  .         Warding  .     (no gloves)
rMut   .         Stasis   .     (no boots)
MR     .....                    (no amulet)
Stlth  +.........               (no ring)
                                (no ring)

@: lethally poisoned (0 -> -2), not resistant to hostile enchantments, very
unstealthy
A: no striking features
a: no special abilities


You were on level 4 of the Dungeon.
You were not hungry.

You visited 1 branch of the dungeon, and saw 4 of its levels.

You collected 171 gold pieces.

Inventory:

Hand weapons
 a - a +0 falchion (weapon)
Armour
 b - a +0 leather armour (worn)
Scrolls
 i - a scroll of teleportation
Books
 c - a book of Spatial Translocations

   Spells                             Type                      Level
   a - Apportation                    Translocation                1
   b - Blink                          Translocation                2
   c - Shroud of Golubria             Charms/Translocation         2
   d - Portal Projectile              Translocation                3
   e - Teleport Other                 Translocation                3
   f - Passage of Golubria            Translocation                4
Comestibles
 f - a bread ration
 j - a beef jerky


   Skills:
 - Level 2.0 Fighting
 * Level 4.7 Long Blades
 - Level 1.1 Throwing
 - Level 0.8 Armour
 - Level 2.1 Dodging
 - Level 2.4 Spellcasting
 - Level 3.2 Translocations


You had 5 spell levels left.
You knew the following spells:

 Your Spells              Type           Power        Failure   Level  Hunger
a - Apportation           Tloc           ##........   10%         1    #......


Dungeon Overview and Level Annotations

Branches:
Dungeon (4/15)
 Temple: D:4-7

Altars:

Annotations:
D:3 max's ghost, average MiFi


Message History

Read which item? (? for menu, Esc to quit)
As you read the scroll labeled GUANGE CINOKYEC, it crumbles to dust.
You hear a loud clanging noise!
It was a scroll of noise.
Read which item? (? for menu, Esc to quit)
As you read the scroll labeled POGOEPNELE, it crumbles to dust.
You feel aware of your surroundings.
You sensed 1 altar.
It was a scroll of magic mapping.
Read which item? (? for menu, Esc to quit)
As you read the scroll labeled ZAEDUA NOOS, it crumbles to dust.
It is a scroll of identify.
Identify which item? (\ to view known items) (? for menu, Esc to quit)
i - a scroll of teleportation
* * * LOW HITPOINT WARNING * * *
You feel sick.
* * * LOW HITPOINT WARNING * * *
You feel sick.
Found a leather armour.
Found 10 gold pieces.
You die...

#.#.# *,* *,*,,,,, #.#.# *,*
**,*,,,,, ###.#.# ###### *,*
*,,,,,,,, ....#.# #....#
*,***,,,,**** #####.# #....#
*,,**,,,,* ......### #....#
**,**,,,,* ####....# #....#
*,**,,,,*
#.##.######...%####,**,,,,*
#...%........@....#,**,,,,*
#.................#,,*,,,,*
#.........(......[...,,,,**
**#....%...............,,,,*
*........####....##....,,,,*
#........# ######*..$.,,,,*
#........# *,...,,,,*
#.....(..# **,,..,,,,*****
*,,,,,,,,* **,,,,,,,>,,,,,,


There were no monsters in sight!

Vanquished Creatures
  An adder (D:4)
  An ooze (D:1)
  A giant gecko (D:2)
  3 giant cockroaches
  2 hobgoblins
  3 jackals
  5 bats (D:1)
  3 giant newts
  5 goblins
  6 kobolds
  3 rats
  A fungus (D:1)
34 creatures vanquished.

Notes
Turn   | Place    | Note
--------------------------------------------------------------
     0 | D:1      | DecibelRebel the High Elf Warper began the quest for the Orb.
     0 | D:1      | Reached XP level 1. HP: 14/14 MP: 4/4
   271 | D:1      | Reached XP level 2. HP: 9/19 MP: 6/6
   591 | D:1      | Reached skill level 4 in Long Blades
  1148 | D:2      | Reached XP level 3. HP: 21/24 MP: 7/7
  1212 | D:3      | Noticed max's ghost (average MiFi)
  1558 | D:4      | HP: 1/24 [poisoned by an adder]
  1562 | D:4      | Succumbed to an adder's poison

Vault maps used:
D:1:      minmay_arrival_arboretum_large, minmay_gold_behind_fungi
D:3:      led_sif_book, uniq_natasha
D:4:      minmay_temple_entry_overgrown, first_bread, hangedman_ru_absence

Action                   || total
-------------------------++-------
Melee: Falchion          ||   140
Throw: Tomahawk          ||     5
  Use: Scroll            ||     5
       Potion            ||     1
 Stab: Sleeping          ||     2
  Eat: Bread ration      ||     1
